 Dungeon Crawl Stone Soup version 0.30-a0-989-g0d87f670db (webtiles) character file.

Game seed: 3057237168210389053

320 jtron the Ducker (level 6, -1/53 HPs)
             Began as a Gnoll Monk on Apr 3, 2023.
             Slain by a scorpion (6 damage)
             ... on level 5 of the Dungeon.
             The game lasted 00:08:19 (3393 turns).

jtron the Ducker (Gnoll Monk)                       Turns: 3393, Time: 00:08:20

Health: -1/53      AC:  3    Str: 13    XL:     6   Next: 46%
Magic:  9/9        EV: 15    Int:  9    God:
Gold:   159        SH:  0    Dex: 14    Spells: 9/9 levels left

rFire   . . .      SeeInvis .    a - +1 spear
rCold   . . .      Faith    .    (no shield)
rNeg    . . .      Spirit   .    p - +0 robe
rPois   .          Reflect  .    m - +0 hat
rElec   .          Rampage  .    (no cloak)
rCorr   .                        f - +0 pair of gloves
Will    .....                    (no boots)
Stlth   +++                      (no amulet)
HPRegen 0.28/turn                (no ring)
MPRegen 0.11/turn                (no ring)

@: mighty, lethally poisoned (-1 -> -6)
A: fangs 1, strong nose, distributed training
a: no special abilities


You were on level 5 of the Dungeon.
You visited 1 branch of the dungeon, and saw 5 of its levels.

You collected 171 gold pieces.
You spent 12 gold pieces at shops.

Inventory:

Hand Weapons
 a - a +1 spear (weapon)
 b - a +0 sling
Missiles
 e - 36 stones (quivered)
Armour
 f - a +0 pair of gloves (worn)
 m - a +0 hat (worn)
 p - a +0 robe (worn)
Magical Staves
 i - a staff of fire
Jewellery
 h - a ring of fire
Wands
 k - a wand of polymorph (8)
 r - a wand of paralysis (5)
Scrolls
 d - a scroll of enchant weapon
 j - 4 scrolls of teleportation
 u - a scroll of fog
Potions
 c - a potion of ambrosia
 g - 2 potions of attraction
 l - a potion of might
 n - a potion of curing {unknown}
 o - a potion of mutation
 q - 2 potions of invisibility
 s - a potion of cancellation
 t - 2 potions of haste
 v - a potion of lignification


   Skills:
 + Level 6.8 Fighting
 + Level 2.0 Short Blades
 + Level 2.0 Long Blades
 + Level 2.0 Axes
 + Level 2.0 Maces & Flails
 + Level 6.8 Polearms
 + Level 2.0 Staves
 + Level 2.0 Ranged Weapons
 + Level 2.0 Throwing
 + Level 2.0 Armour
 + Level 6.8 Dodging
 + Level 4.6 Stealth
 + Level 2.0 Shields
 + Level 2.0 Unarmed Combat
 + Level 2.0 Spellcasting
 + Level 1.6 Conjurations
 + Level 1.6 Hexes
 + Level 1.6 Summonings
 + Level 1.6 Necromancy
 + Level 1.6 Translocations
 + Level 1.6 Transmutations
 + Level 1.6 Fire Magic
 + Level 1.6 Ice Magic
 + Level 1.6 Air Magic
 + Level 1.6 Earth Magic
 + Level 1.6 Poison Magic
 + Level 2.2 Invocations
 + Level 2.0 Evocations


You had 9 spell levels left.
You didn't know any spells.
Your spell library contained the following spells:

 Spells                   Type           Power      Damage    Failure   Level
 Call Canine Familiar     Summ           3%         N/A       45%         3
 Portal Projectile        Hex/Tloc       6%         N/A       45%         3
 Leda's Liquefaction      Hex/Erth       1%         N/A       86%         4


Dungeon Overview and Level Annotations

Branches:
Dungeon (5/15)
 Temple: D:4-7

Altars:
Fedhas
Kikubaaqudgha

Shops:
D:1 !(


Innate Abilities, Weirdness & Mutations

You have very sharp teeth.
Your uncanny sense of smell can sniff out nearby items.
Your experience applies equally to all skills.


Message History

You closely miss the scorpion.
The scorpion is lightly wounded.
The scorpion misses you.
You hit the scorpion but do no damage.
The scorpion is lightly wounded.
The scorpion stings you.
You hit the scorpion but do no damage.
The scorpion is lightly wounded.
The scorpion completely misses you.
You hit the scorpion.
You bite the scorpion, but do no damage.
The scorpion is moderately wounded.
The scorpion stings you but does no damage.
You barely miss the scorpion.
The scorpion is moderately wounded.
The scorpion stings you.
You are poisoned.
The scorpion poisons you!
You hit the scorpion but do no damage. Your bite misses the scorpion.
The scorpion is moderately wounded.
* * * LOW HITPOINT WARNING * * *
You feel very sick. The scorpion completely misses you.
You hit the scorpion.
The scorpion is moderately wounded.
* * * LOW HITPOINT WARNING * * *
You feel sick.
The scorpion stings you but does no damage.
You feel very mighty all of a sudden.
You feel sick. The scorpion barely misses you.
You hit the scorpion. Your bite misses the scorpion.
The scorpion is severely wounded.
* * * LOW HITPOINT WARNING * * *
You feel sick. The scorpion stings you.
* * * LOW HITPOINT WARNING * * *
You barely miss the scorpion.
The scorpion is severely wounded.
* * * LOW HITPOINT WARNING * * *
You feel sick. The scorpion stings you.
You die...

..................##
...................#
.........>........##
................##
.................##
..................#
..................#
.................#
........@........
...(..s.........
................
...............
.......[.......
...............
...............
...............


You could see a scorpion.

Vanquished Creatures
  A scorpion (D:4)
  A gnoll bouda (D:4)
  2 hounds (D:4)
  An iguana (D:5)
  4 adders
  A gnoll (D:5)
  An ufetubus (D:4)
  2 worms
  5 dart slugs
  3 orcs
  12 endoplasms
  3 giant cockroaches
  7 goblins
  4 hobgoblins
  6 kobolds
  4 quokkas
  5 ball pythons
  8 bats
  6 frilled lizards
  2 rats (D:2)
78 creatures vanquished.

Vanquished Creatures (others)
  12 plants
  5 withered plants (D:3)
17 creatures vanquished.

Grand Total: 95 creatures vanquished

Notes
Turn   | Place    | Note
-------+----------+-------------------------------------------
     0 | D:1      | jtron the Gnoll Monk began the quest for the Orb.
     0 | D:1      | Reached XP level 1. HP: 23/23 MP: 1/1
     9 | D:1      | Found Jeamn's Weapon Emporium.
   136 | D:1      | Found Herugh's Distillery.
   147 | D:1      | Bought a potion of degeneration for 12 gold pieces
   181 | D:1      | Found a faded altar of an unknown god.
   222 | D:1      | Reached XP level 2. HP: 29/29 MP: 2/2
   943 | D:2      | Reached XP level 3. HP: 19/35 MP: 3/3
  1052 | D:2      | Reached skill level 1 in Invocations
  1386 | D:2      | Reached skill level 1 in Short Blades
  1386 | D:2      | Reached skill level 1 in Long Blades
  1386 | D:2      | Reached skill level 1 in Axes
  1386 | D:2      | Reached skill level 1 in Maces & Flails
  1386 | D:2      | Reached skill level 1 in Staves
  1386 | D:2      | Reached skill level 1 in Ranged Weapons
  1386 | D:2      | Reached skill level 1 in Throwing
  1386 | D:2      | Reached skill level 1 in Armour
  1386 | D:2      | Reached skill level 1 in Shields
  1386 | D:2      | Reached skill level 1 in Unarmed Combat
  1386 | D:2      | Reached skill level 1 in Spellcasting
  1386 | D:2      | Reached skill level 1 in Evocations
  1425 | D:2      | Reached XP level 4. HP: 41/41 MP: 5/5
  1918 | D:3      | Reached skill level 1 in Conjurations
  1918 | D:3      | Reached skill level 1 in Hexes
  1918 | D:3      | Reached skill level 1 in Summonings
  1918 | D:3      | Reached skill level 1 in Necromancy
  1918 | D:3      | Reached skill level 1 in Translocations
  1918 | D:3      | Reached skill level 1 in Transmutations
  1918 | D:3      | Reached skill level 1 in Fire Magic
  1918 | D:3      | Reached skill level 1 in Ice Magic
  1918 | D:3      | Reached skill level 1 in Air Magic
  1918 | D:3      | Reached skill level 1 in Earth Magic
  1918 | D:3      | Reached skill level 1 in Poison Magic
  2185 | D:3      | Found an ancient bone altar of Kikubaaqudgha.
  2186 | D:3      | Found a blossoming altar of Fedhas.
  2595 | D:4      | Reached XP level 5. HP: 43/47 MP: 5/7
  2814 | D:4      | Reached XP level 6. HP: 29/53 MP: 8/8
  3223 | D:5      | Entered Level 5 of the Dungeon
  3298 | D:5      | Noticed a black bear
  3393 | D:5      | Slain by a scorpion

Illustrated notes

Levels and vault maps discovered:
D:1:      grunt_arrival_crossed_arrows, layout_loops_corners,
          ebering_ecumenical_altar_petrified, serial_shops, shop,
          nicolae_shop_bloodbath_and_beyond, minmay_pentomino_u2
D:2:      layout_loops_ring
D:3:      cheibrodos_old_hovel, layout_loops_ring,
          grunt_temple_overflow_growth_and_decay
D:4:      layout_basic
D:5:      layout_layer_cave, mainiacjoe_overflow_alcove_1,
          kennysheep_cross_room, serial_bayou_lake_a, uniq_menkaure

Skill      XL: |  1  2  3  4  5  6 |
---------------+-------------------+-----
Invocations    | 1 2 |  2.2
Short Blades   | 1 2 |  2.0
Long Blades    | 1 2 |  2.0
Axes           | 1 2 |  2.0
Maces & Flails | 1 2 |  2.0
Staves         | 1 2 |  2.0
Ranged Weapons | 1 2 |  2.0
Throwing       | 1 2 |  2.0
Armour         | 1 2 |  2.0
Shields        | 1 2 |  2.0
Unarmed Combat | 1 2 |  2.0
Spellcasting   | 1 2 |  2.0
Evocations     | 1 2 |  2.0
Conjurations   | 1 |  1.6
Hexes          | 1 |  1.6
Summonings     | 1 |  1.6
Necromancy     | 1 |  1.6
Translocations | 1 |  1.6
Transmutations | 1 |  1.6
Fire Magic     | 1 |  1.6
Ice Magic      | 1 |  1.6
Air Magic      | 1 |  1.6
Earth Magic    | 1 |  1.6
Poison Magic   | 1 |  1.6
Fighting       | |  6.8
Polearms       | |  6.8
Dodging        | |  6.8
Stealth        | |  4.6

Action                     |  1- 3 |  4- 6 || total
---------------------------+-------+-------++-------
  Melee: Spear             |    89 |   230 ||   319
         Bite              |     3 |    22 ||    25
         Punch             |     1 |     2 ||     3
   Fire: Sling             |       |     5 ||     5
  Throw: Stone             |       |     4 ||     4
    Use: Scroll            |     6 |    10 ||    16
         Potion            |       |     3 ||     3
   Stab: Sleeping          |    14 |    13 ||    27
         Distracted        |       |     2 ||     2
 Armour: Robe              |     6 |    25 ||    31
  Dodge: Dodged            |    23 |    99 ||   122

Table legend: (Time is in decaauts)
 A = Elapsed time spent in this place.
 B = Non-inter-level travel time spent in this place.
 C = Inter-level travel time spent in this place.
 D = Time resting spent in this place.
 E = Time spent auto-exploring this place.
 F = Levels seen in this place.
 G = Mean time per level.
                   A        B        C        D        E       F      G
               +--------+--------+--------+--------+--------+-----+--------+
         Total |   3318 |   3164 |    154 |    239 |   2277 |   5 |  663.6 |
       Dungeon |   3318 |   3164 |    154 |    239 |   2277 |   5 |  663.6 |
               +--------+--------+--------+--------+--------+-----+--------+

Top non-repeatable levels by time:
     D:1: 894 daAuts
     D:4: 829 daAuts
     D:2: 753 daAuts
     D:3: 734 daAuts
     D:5: 106 daAuts
